 Dungeon Crawl Stone Soup version 0.32-a0-468-g38b2580584 (webtiles) character file.

Game seed: 9852752706048835709

49 shadowstone the Sneak (level 3, 20/20 HPs)
             Began as a Felid Delver on Feb 24, 2024.
             Was a Plaything of Xom.
             Got out of the dungeon alive.
             The game lasted 00:04:49 (1938 turns).

shadowstone the Sneak (Felid Delver)                Turns: 1938, Time: 00:04:50

Health: 20/20      AC:  1    Str:  8    XL:     3   Next: 51%
Magic:  4/4        EV: 18    Int: 13    God:    Xom [..*...]
Gold:   59         SH:  0    Dex: 19    Spells: 2/2 levels left
                                        Lives:  1   Deaths: 0

rFire   . .          .
                       - Unarmed
rCold   . . .        (shield unavailable)
rNeg    . . .        (body armour unavailable)
rPois   .            (helmet unavailable)
rElec   .            (cloak unavailable)
rCorr   .            (gloves unavailable)
SInv    +            (boots unavailable)
Will    .....        j - amulet of regeneration
Stlth   ++++         (no ring)
HPRegen 1.03/turn    (no ring)
MPRegen 0.09/turn

%: no passive effects
@: no status effects
A: very small, claws 1, fangs 3, see invisible, shaggy fur 1, stealthy paws, no
weapons or thrown items, no armour, multi-lived
a: Renounce Religion


You escaped.
You worshipped Xom.
You were a toy of Xom.
You visited 1 branch of the dungeon, and saw 5 of its levels.

You collected 59 gold pieces.

Inventory:

Jewellery
 j - an amulet of regeneration (around neck)
Wands
 a - a wand of flame (11)
 e - a wand of digging (3)
Scrolls
 b - 3 scrolls of revelation
 c - a scroll of fear
 f - 2 scrolls of enchant weapon {unknown}
 g - 2 scrolls of identify {unknown}
 i - a scroll of vulnerability {unknown}
Potions
 d - a potion of haste
 h - a potion of enlightenment {unknown}


   Skills:
 + Level 3.2 Fighting
 + Level 3.0 Dodging
 + Level 7.6 Stealth
 + Level 2.6 Unarmed Combat


You had 2 spell levels left.
You didn't know any spells.
Your spell library contained the following spells:

 Spells                   Type           Power      Damage    Failure   Level
 Fugue of the Fallen      Necr           0%         N/A       67%         3
 Passage of Golubria      Tloc           0%         N/A       97%         4
 Death Channel            Necr           0%         N/A       100%        6


Dungeon Overview and Level Annotations

Branches:
Dungeon (5/15)
 Temple: D:4-7

Altars:
Xom


Innate Abilities, Weirdness & Mutations

You have sharp claws.
You have razor-sharp teeth.
You have supernaturally acute eyesight. (SInv)
You are covered in fur. (AC +1)
Your paws help you pounce on unaware monsters.
You are incapable of wielding weapons or throwing items.
You cannot wear armour.
You gain extra lives every three experience levels.


Message History

You see here a frilled lizard corpse.
You scratch the quokka but do no damage.
The quokka closely misses you.
You scratch the quokka but do no damage.
Your claw misses the quokka.
The quokka twitches its whiskers.
The quokka barely misses you.
You scratch the quokka but do no damage.
The quokka misses you. The quokka bites you.
You scratch the quokka.
The quokka is severely wounded.
The quokka bites you.
You scratch the quokka.
You kill the quokka!
A ball python comes into view.
You see here a quokka corpse.
You see here a rat skeleton.
Found a scroll of revelation.
Found a stone staircase leading down.
A rat comes into view.
You see here a scroll of revelation.
You see here a scroll of revelation.
b - 3 scrolls of revelation (gained 1)
The helpless rat fails to defend itself.
You eviscerate the rat!!!
You kill the rat!
You see here a rat corpse.
You enter the shallow water.
Moving in this stuff is going to be slow.
You open the large door.
There is a large open door here.
Found 15 gold pieces.
You open the large door.
There is a large open door here.
You now have 59 gold pieces (gained 15).
You open the large door.
Found a staircase leading out of the dungeon.
There is a large open door here.
There is a large open door here.
There is a staircase leading out of the dungeon here.
You have escaped!

#.#####.......# ###.# #.##
#.......# #...# #..#
#.......# #.### ##.#
######### #.#
####.##############.###.##
P..#.##~~~~~~~~~~~~~~~~~~#
####.##~..ß..........ß..~#
####.##~.##############.~#
.......~ß#......@.....# ~#
######.~.######''###### #
#.~.#.........§..#
#.~.#≈≈≈≈≈..≈≈§≈≈#
##.~.#≈≈≈≈≈..≈≈≈≈≈#
#..~.#............#
#.#~.######''######
#.#~.#~~~~~..~~~~~#
#.#~.#~..........~#


There were no monsters in sight!

Vanquished Creatures
  3 dart slugs
  4 orcs (D:3)
  3 endoplasms
  A giant cockroach (D:1)
  5 goblins
  2 hobgoblins (D:1)
  4 jackals (D:3)
  2 quokkas (D:1)
  A ball python (D:1)
  A bat (D:3)
  2 frilled lizards (D:1)
  4 kobolds
  4 rats (D:1)
36 creatures vanquished.

Notes
Turn   | Place    | Note
-------+----------+-------------------------------------------
     0 | D:5      | shadowstone the Felid Delver began the quest for the Orb.
     0 | D:5      | Reached XP level 1. HP: 12/12 MP: 2/2
    28 | D:5      | Noticed an ice beast
   111 | D:3      | Got the Anthology of Shifting Shadows
   311 | D:3      | Reached skill level 7 in Stealth
   564 | D:3      | Reached XP level 2. HP: 13/16 MP: 3/3
   580 | D:3      | Found a faded altar of an unknown god.
   761 | D:3      | Prayed at the altar of an unknown god.
   761 | D:3      | Became a worshipper of Xom of Chaos
  1061 | D:1      | Reached XP level 3. HP: 20/20 MP: 4/4
  1463 | D:1      | XOM: silly message
  1938 | D:$      | Got out of the dungeon alive.

Illustrated notes

Levels and vault maps discovered:
D:1:      lightli_arrival_isolated_outpost, layout_loops_ring, serial_aquarium,
          aquarium_bridge_square [aquarium_subvault_bridge,
          aquarium_subvault_wall, aquarium_subvault_window,
          aquarium_subvault_wall], aquarium_window_1, aquarium_window_fake,
          aquarium_window_corner, aquarium_view_2d, aquarium_view_2c,
          aquarium_pool_side
D:2:      layout_rooms, uniq_natasha
D:3:      layout_basic, hellmonk_ecumenical_altar_dog_temple
D:4:      cheibrodos_old_hovel, layout_cave_pods, nicolae_overflow_hidden_temple
D:5:      layout_basic, minmay_temple_entry_sparse_star

Skill      XL: |  1  2  3 |
---------------+----------+-----
Stealth        | 7 |  7.6
Dodging        | 3 |  3.0
Fighting       | |  3.2
Unarmed Combat | |  2.6

Action                     || total
---------------------------++-------
  Melee: Unarmed           ||    99
         Bite              ||     7
         Punch             ||     2
    Use: Scroll            ||     1
   Stab: Sleeping          ||     6
 Armour: Skin              ||    41
  Dodge: Dodged            ||    74

Table legend: (Time is in decaauts)
 A = Elapsed time spent in this place.
 B = Non-inter-level travel time spent in this place.
 C = Inter-level travel time spent in this place.
 D = Time resting spent in this place.
 E = Time spent auto-exploring this place.
 F = Levels seen in this place.
 G = Mean time per level.
                   A        B        C        D        E       F      G
               +--------+--------+--------+--------+--------+-----+--------+
         Total |   1945 |   1945 |      0 |    885 |    220 |   5 |  389.0 |
       Dungeon |   1945 |   1945 |      0 |    885 |    220 |   5 |  389.0 |
               +--------+--------+--------+--------+--------+-----+--------+

Top non-repeatable levels by time:
     D:3: 955 daAuts
     D:1: 923 daAuts
     D:5: 46 daAuts
     D:4: 17 daAuts
     D:2: 3 daAuts
